 Dungeon Crawl Stone Soup version 0.19.1 (webtiles) character file.

13990 kae the Martial Artist (level 11, -14/99 HPs)
             Began as a Green Draconian Transmuter on Dec 19, 2016.
             Was a High Priest of Okawaru.
             Demolished by a spiny frog (26 damage)
             ... on level 3 of the Lair of Beasts.
             The game lasted 00:16:37 (15899 turns).

kae the Martial Artist (DrTm)                      Turns: 15899, Time: 00:16:38

Health: -14/99     AC:  9    Str: 13    XL:     11   Next: 82%
Magic:  18/18      EV: 17    Int: 13    God:    Okawaru [*****.]
Gold:   779        SH:  0    Dex: 15    Spells: 4 memorised, 10 levels left

rFire  . . .     SeeInvis .       - Unarmed
rCold  . . .     Gourm    .     (armour unavailable)
rNeg   + . .     Faith    .     (no shield)
rPois  +         Spirit   .     (helmet restricted)
rElec  .         Reflect  .     (no cloak)
rCorr  .         Harm     .     U - +1 pair of gloves
MR     .....                    (no boots)
Stlth  +.........               (no amulet)
                                W - ring of wizardry
                                s - ring of positive energy

@: no status effects
A: breathe noxious fumes, unfitting armour, poison resistance, cold-blooded, AC
+7
a: Breathe Noxious Fumes, Heroism, Finesse, Renounce Religion


You were on level 3 of the Lair of Beasts.
You worshipped Okawaru.
Okawaru was extremely pleased with you.
You were not hungry.

You visited 3 branches of the dungeon, and saw 14 of its levels.
You also visited: Ossuary.

You collected 779 gold pieces.

Inventory:

Hand Weapons
 m - a +1 whip of slashing
Missiles
 a - 208 arrows
Armour
 U - a +1 pair of gloves (worn)
Jewellery
 s - a ring of positive energy (left hand)
 u - an uncursed ring of protection from cold {unknown}
 W - a ring of wizardry (right hand)
Wands
 l - a wand of paralysis (11/24)
 o - a wand of slowing (41/48)
Scrolls
 d - 4 scrolls of teleportation
 h - 2 scrolls of amnesia
 j - 9 scrolls of remove curse
 n - 3 scrolls of magic mapping
 r - a scroll of enchant weapon
 t - a scroll of enchant armour
 C - 6 scrolls of recharging
 M - a scroll of blinking
Potions
 e - 5 potions of curing
 k - a potion of invisibility
 q - 2 potions of flight
 w - a potion of berserk rage
 x - 4 potions of brilliance
 z - 2 potions of cure mutation
 A - 3 potions of magic
 D - a potion of beneficial mutation {unknown}
 F - a potion of mutation
 H - a potion of lignification {unknown}
 L - a potion of agility
 O - a potion of might {unknown}
 R - 4 potions of haste
 T - a potion of cancellation
Books
 b - a book of Changes

   Spells                             Type                      Level
   a - Beastly Appendage              Transmutation                1
   b - Sticks to Snakes               Transmutation                2
   c - Spider Form                    Transmutation/Poison         3
   d - Ice Form                       Ice/Transmutation            4
   e - Blade Hands                    Transmutation                5
 p - Vehumet's Almanac of Attacks
   (You found it on level 3 of the Dungeon)

   Spells                             Type                      Level
   a - Magic Dart                     Conjuration                  1
 y - a book of Necromancy

   Spells                             Type                      Level
   a - Pain                           Necromancy                   1
   b - Animate Skeleton               Necromancy                   1
   c - Vampiric Draining              Necromancy                   3
   d - Regeneration                   Charms/Necromancy            3
   e - Animate Dead                   Necromancy                   4
   f - Control Undead                 Necromancy                   4
Comestibles
 c - 23 bread rations
 f - 3 slices of pizza
 g - 9 meat rations
 v - 6 beef jerkies


   Skills:
 - Level 10.1 Fighting
 - Level 8.2 Dodging
 - Level 12.0 Unarmed Combat
 + Level 4.8 Spellcasting
 * Level 7.5 Transmutations


You had 10 spell levels left.
You knew the following spells:

 Your Spells              Type           Power        Failure   Level  Hunger
a - Beastly Appendage     Tmut           ###...       1%          1    None
b - Sticks to Snakes      Tmut           ###.....     1%          2    ##.....
c - Spider Form           Tmut/Pois      ##........   6%          3    ###....
d - Regeneration          Chrm/Necr      #.........   32%         3    ###....


Dungeon Overview and Level Annotations

Branches:
Dungeon (10/15)            Temple (1/1) D:7            Lair (3/6) D:8
  Snake (0/4) Lair:3
  Swamp: Lair:2-4    Shoals: Lair:2-4       Orc: D:9-12

Altars:
Ashenzari
Cheibriados
Dithmenos
Elyvilon
Fedhas
Gozag
Hepliaklqana
Kikubaaqudgha
Makhleb
Nemelex Xobeh
Okawaru
Qazlal
Ru
Sif Muna
Trog
Uskayaw
Vehumet
Xom
Yredelemnul
Zin
The Shining One
Lugonu

Annotations:
D:5 exclusion: Eustachio


Innate Abilities, Weirdness & Mutations

You can breathe blasts of noxious fumes.
Your lurid green scales are hard. (AC +7)
You cannot fit into any form of body armour.
Your system is resistant to poisons. (rPois)
You are cold-blooded and may be slowed by cold attacks.


Message History

You tail-slap the spiny frog.
The spiny frog is lightly wounded.
The yak completely misses you. The spiny frog stings you!!
* * * LOW HITPOINT WARNING * * *
You closely miss the spiny frog.
You tail-slap the spiny frog, but do no damage.
The spiny frog is lightly wounded.
You feel like a meek peon again. The yak misses you.
You hit the spiny frog but do no damage.
The spiny frog is lightly wounded.
The spiny frog stings you!!
* * * LOW HITPOINT WARNING * * *
You are lethally poisoned!
The spiny frog poisons you! The yak barely misses you.
You closely miss the spiny frog.
* * * LOW HITPOINT WARNING * * *
You feel sick. The spiny frog barely misses you.
You feel better. The spiny frog stings you!!
You die...

.. ......# ... .....# ..
..##....## .....
..#..... ..... .
##.....# #....##
+.#.#....##.#.P#.P
......F†........$. ....
......Y@................
....................(...
........................
...........#.P..##......
...#P......# #####......
.... ##
###....#######.......
#... #....###...........
##...##
#.........#........
#.....#
#######.....###......


You could see a yak and a spiny frog.

Vanquished Creatures
  A hydra (Lair:2)
  A black mamba (Lair:2)
  2 centaur zombies (D:10)
  6 spiny frogs
  3 komodo dragons
  A hornet (D:8)
  3 hippogriffs
  A spriggan (D:7)
  Eustachio (D:5)
  A wraith (Ossuary)
  A wyvern (Lair:2)
  17 yaks
  Menkaure (D:5)
  6 nagas (Lair:3)
  4 porcupines
  7 water moccasins
  Duvessa (D:5)
  A sky beast (D:5)
  2 ice beasts
  An orc warrior (D:9)
  A phantom (D:10)
  4 wolves (Lair:3)
  4 ogres
  3 centaurs
  3 crocodiles
  A big kobold (D:8)
  10 bullfrogs
  Dowan (D:5)
  3 scorpions
  6 killer bees
  7 wights
  2 howler monkeys
  4 crimson imps
  A quasit (D:10)
  A bullfrog zombie (D:9)
  8 hounds
  3 jellies
  11 orc wizards
  An iguana (D:4)
  5 worker ants
  A big kobold zombie (Ossuary)
  A hound zombie (D:10)
  3 mummies (Ossuary)
  A worker ant zombie (D:6)
  A howler monkey skeleton (D:4)
  12 gnolls
  3 river rats (Lair:2)
  9 adders
  An ooze (D:2)
  An adder skeleton (D:9)
  A worm (D:8)
  3 dart slugs
  5 leopard geckos
  15 orcs
  A ball python (D:6)
  9 bats
  4 giant cockroaches
  8 goblins
  9 hobgoblins
  12 jackals
  13 kobolds
  2 quokkas
  5 frilled lizards
  A goblin zombie (Ossuary)
  A jackal skeleton (D:4)
  3 kobold zombies (Ossuary)
  A leopard gecko skeleton (D:8)
  A quokka skeleton (D:5)
  8 rats
275 creatures vanquished.

Vanquished Creatures (collateral kills)
  A killer bee (D:10)
1 creature vanquished.

Vanquished Creatures (others)
  Edmund (D:5)
  A killer bee (D:10)
  A quokka (D:3)
  2 fungi (Lair:2)
5 creatures vanquished.

Grand Total: 281 creatures vanquished

Notes
Turn   | Place    | Note
-------+----------+-------------------------------------------
     0 | D:1      | kae the Draconian Transmuter began the quest for the Orb.
     0 | D:1      | Reached XP level 1. HP: 16/16 MP: 3/3
   100 | D:1      | Reached XP level 2. HP: 20/23 MP: 5/5
   685 | D:1      | Reached XP level 3. HP: 29/29 MP: 6/6
  1412 | D:2      | Reached skill level 4 in Unarmed Combat
  1697 | D:1      | Reached XP level 4. HP: 35/37 MP: 7/7
  2057 | D:3      | Found a shadowy altar of Dithmenos.
  2124 | D:3      | Found a deep blue altar of Sif Muna.
  2125 | D:3      | Found an ancient bone altar of Kikubaaqudgha.
  2126 | D:3      | Found a radiant altar of Vehumet.
  2132 | D:3      | Identified Vehumet's Almanac of Attacks
  2361 | D:3      | Found a white marble altar of Elyvilon.
  2461 | D:4      | Reached XP level 5. HP: 15/44 MP: 8/8
  2680 | D:4      | Noticed an ogre
  2685 | D:4      | Found a hazy altar of Hepliaklqana.
  2690 | D:4      | Killed an ogre
  2690 | D:4      | Reached skill level 5 in Unarmed Combat
  2762 | D:4      | Found a shattered altar of Ashenzari.
  2956 | D:4      | Reached XP level 6. HP: 51/51 MP: 7/9
  3664 | D:5      | Entered Level 5 of the Dungeon
  3689 | D:5      | Killed Edmund
  3700 | D:5      | Noticed Eustachio
  3771 | D:5      | Noticed Menkaure
  3786 | D:5      | Killed Menkaure
  3786 | D:5      | Reached skill level 6 in Unarmed Combat
  3786 | D:5      | Your scales start taking on a lurid green colour.
  3786 | D:5      | Reached XP level 7. HP: 35/59 MP: 10/10
  3786 | D:5      | Gained mutation: Your system is resistant to poisons. (rPois) [Green Draconian growth]
  4015 | D:5      | Noticed Dowan
  4024 | D:5      | Killed Dowan
  4026 | D:5      | Noticed Duvessa
  4059 | D:5      | Killed Duvessa
  4251 | D:5      | Killed Eustachio
  4251 | D:5      | Reached skill level 5 in Fighting
  4251 | D:5      | Reached skill level 7 in Unarmed Combat
  4288 | D:5      | Reached XP level 8. HP: 68/68 MP: 11/11
  4847 | D:6      | Found a sand-covered staircase.
  4853 | Ossuary  | Entered an ossuary
  5204 | Ossuary  | Reached skill level 5 in Dodging
  5656 | D:6      | Reached skill level 8 in Unarmed Combat
  6282 | D:6      | Found a faded altar of an unknown god.
  6282 | D:6      | Found a stormy altar of Qazlal.
  6287 | D:6      | Found a faded altar of an unknown god.
  6289 | D:6      | Found a faded altar of an unknown god.
  6290 | D:6      | Found a faded altar of an unknown god.
  6572 | D:7      | Found a sacrificial altar of Ru.
  6602 | D:7      | Found a bloodstained altar of Trog.
  6632 | D:7      | Reached XP level 9. HP: 47/78 MP: 12/12
  7014 | D:7      | Reached skill level 9 in Unarmed Combat
  7260 | D:7      | Found a staircase to the Ecumenical Temple.
  7411 | D:7      | Found a deep blue altar of Sif Muna.
  7833 | Temple   | Entered the Ecumenical Temple
  7884 | Temple   | Became a worshipper of Warmaster Okawaru
  8104 | D:8      | Found a staircase to the Lair.
  8395 | D:8      | Reached * piety under Okawaru
  8395 | D:8      | Reached skill level 10 in Unarmed Combat
  8762 | D:8      | Found a snail-covered altar of Cheibriados.
  9068 | D:9      | Reached ** piety under Okawaru
  9068 | D:9      | Reached XP level 10. HP: 44/88 MP: 13/13
  9430 | D:9      | Found a glowing golden altar of the Shining One.
  9730 | D:9      | Found a shimmering altar of Xom.
  9796 | D:9      | Found a blossoming altar of Fedhas.
  9800 | D:9      | Found a basalt altar of Yredelemnul.
  9803 | D:9      | Found a glowing silver altar of Zin.
  9817 | D:9      | Reached skill level 11 in Unarmed Combat
 10184 | D:10     | Entered Level 10 of the Dungeon
 10356 | D:10     | Reached *** piety under Okawaru
 11078 | Lair:1   | Entered Level 1 of the Lair of Beasts
 11097 | Lair:1   | Learned a level 2 spell: Sticks to Snakes
 11101 | Lair:1   | Learned a level 3 spell: Spider Form
 11105 | Lair:1   | Learned a level 3 spell: Regeneration
 11539 | Lair:1   | Reached **** piety under Okawaru
 11539 | Lair:1   | Reached skill level 12 in Unarmed Combat
 11921 | Lair:1   | Reached XP level 11. HP: 85/99 MP: 11/14
 12058 | Lair:1   | Reached skill level 10 in Fighting
 12741 | Lair:2   | Reached ***** piety under Okawaru
 12998 | Lair:2   | Noticed a six-headed hydra
 13012 | Lair:2   | Killed a six-headed hydra
 13907 | Lair:2   | Reached skill level 5 in Transmutations
 14430 | Lair:2   | Received a gift from Okawaru
 15453 | Lair:3   | HP: 4/99 [poisoned by a naga (splash of poison)]
 15460 | Lair:3   | HP: 4/99 [naga/scimitar (2)]
 15838 | Lair:3   | Found a staircase to the Snake Pit.
 15897 | Lair:3   | HP: 4/99 [spiny frog (20)]
 15899 | Lair:3   | Demolished by a spiny frog

Skill      XL: |  1  2  3  4  5  6  7  8  9 10 11 |
---------------+----------------------------------+-----
Dodging        | 2 3 4 5 6 8 |  8.2
Fighting       | 2 3 4 5 6 8 9 10 | 10.1
Unarmed Combat | 4 5 6 7 8 10 12 | 12.0
Spellcasting   | 4 |  4.8
Transmutations | 7 |  7.5

Action                   |  1- 3 |  4- 6 |  7- 9 | 10-12 || total
-------------------------+-------+-------+-------+-------++-------
Melee: Unarmed           |   100 |       |   386 |   512 ||   998
       Tailslap          |    12 |    24 |    77 |    82 ||   195
       Punch             |     2 |     8 |    16 |    29 ||    55
       Whip              |    38 |   142 |   112 |       ||   292
       Kick              |       |    13 |     5 |    17 ||    35
       Headbutt          |       |       |     7 |     6 ||    13
 Cast: Beastly Appendage |       |     2 |     4 |     8 ||    14
       Spider Form       |       |       |       |     1 ||     1
Invok: Heroism           |       |       |       |     8 ||     8
 Abil: Breathe Noxious F |       |       |    11 |     8 ||    19
  Use: Scroll            |       |    10 |     3 |    14 ||    27
       Potion            |       |       |     2 |     5 ||     7
 Stab: Sleeping          |     3 |     4 |     6 |     2 ||    15
       Confused          |       |       |     7 |     2 ||     9
       Distracted        |       |       |     2 |     1 ||     3
       Invisible         |       |       |     7 |       ||     7
  Eat: Chunk             |     2 |     7 |    18 |    18 ||    45
       Fruit             |       |       |       |     4 ||     4
       Royal jelly       |       |       |       |     2 ||     2
Armor: Skin              |    32 |    33 |    80 |    87 ||   232
Dodge: Dodged            |    91 |   120 |   344 |   383 ||   938
